 Dungeon Sprint DCSS version 0.21.1-1-g345015f (webtiles) character file.

25863 wilfster70 the Severer (level 12, 0/128 HPs)
             Began as a Deep Dwarf Fighter on May 16, 2018.
             Was the Champion of Makhleb.
             Slain by a 12-headed hydra (14 damage)
             ... in the Dungeon (Sprint IX: "|||||||||||||||||||||||||||||") on May 17, 2018.
             The game lasted 00:12:28 (1707 turns).

wilfster70 the Severer (Deep Dwarf Fighter)         Turns: 1707, Time: 00:12:28

Health: 0/128      AC: 24    Str: 24    XL:     12   Next: 93%
Magic:  10/10      EV: 15    Int:  8    God:    Makhleb [******]
Gold:   162        SH: 14    Dex: 14    Spells: 11/11 levels left

rFire    . . .     SeeInvis .   a - +5 broad axe (chop)
rCold    . . .     Gourm    .   c - +0 shield
rNeg     . . .     Faith    .   s - +3 chain mail
rPois    .         Spirit   .   t - +0 helmet
rElec    .         Reflect  .   G - +1 cloak
rCorr    .         Harm     .   H - +1 pair of gloves
MR       +....     NoTele   +   (no boots)
Stlth    ..........             (no amulet)
HPRegen  0.00/turn              v - +2 ring of evasion
MPRegen  0.12/turn              D - +2 ring of evasion

@: grasped by roots, non-regenerating, hasted, quick
A: damage resistance, heal wounds, sense surroundings 2, MP-powered wands, no
regeneration
a: Heal Wounds, Minor Destruction, Lesser Servant of Makhleb, Major Destruction,
Greater Servant of Makhleb, Renounce Religion


You were in the Dungeon.
You worshipped Makhleb.
Makhleb was exalted by your worship.
You were not hungry.

You visited 1 branch You collected 1222 gold pieces.
You spent 1060 gold pieces at shops.

Inventory:

Hand Weapons
 a - a +5 broad axe of chopping (weapon)
 b - a +2 dire flail of protection
 q - a +0 war axe
Armour
 c - a +0 shield (worn)
 s - a +3 chain mail (worn)
 t - a +0 helmet (worn)
 G - a +1 cloak (worn)
 H - a +1 pair of gloves (worn)
Jewellery
 l - an uncursed ring of protection from fire
 v - a +2 ring of evasion (left hand)
 w - an uncursed ring of protection from cold
 D - a +2 ring of evasion (right hand)
 E - an uncursed ring of protection from magic
 F - an uncursed ring of poison resistance
Wands
 p - a wand of iceblast (10)
Scrolls
 k - 4 scrolls of blinking
 n - 4 scrolls of remove curse
 o - 2 scrolls of amnesia
 r - a scroll of identify
 x - 3 scrolls of fog
 B - a scroll of torment
Potions
 d - 4 potions of might
 e - 6 potions of curing
 g - 3 potions of heal wounds
 h - 2 potions of haste
 i - 4 potions of magic
 j - 2 potions of berserk rage
 m - a potion of invisibility
 u - 2 potions of agility
 z - 2 potions of resistance
 A - 3 potions of ambrosia
 C - a potion of mutation
Comestibles
 f - 11 rations
 I - 7 chunks of flesh


   Skills:
 + Level 14.1 Fighting
 - Level 18.0 Axes
 + Level 16.4 Armour
 + Level 16.0 Dodging
 - Level 15.0 Shields


You had 11 spell levels left.
You didn't know any spells.

Dungeon Overview and Level Annotations

Branches:
Dungeon (1/1)

Altars:
Cheibriados
Dithmenos
Elyvilon
Fedhas
Gozag
Hepliaklqana
Kikubaaqudgha
Makhleb
Nemelex Xobeh
Okawaru
Qazlal
Ru
Sif Muna
Trog
Uskayaw
Vehumet
Wu Jian
Xom
Yredelemnul
Zin
The Shining One
Beogh
Jiyva
Lugonu

Shops:
D ![[*


Innate Abilities, Weirdness & Mutations

You are resistant to damage.
You can heal yourself by infusing magical energy.
You passively map the area around you.
You do not regenerate.
You expend magic power (3 MP) to strengthen your wands.


Message History

The 12-headed hydra bites you but does no damage. x2
The 12-headed hydra barely misses you. The 12-headed hydra bites you!
* * * LOW HITPOINT WARNING * * *
The 12-headed hydra bites you!
* * * LOW HITPOINT WARNING * * *
The 12-headed hydra bites you. The 12-headed hydra bites you!
* * * LOW HITPOINT WARNING * * *
The 12-headed hydra misses you. x2
The 12-headed hydra bites you but does no damage.
The 12-headed hydra barely misses you. The 12-headed hydra bites you.
* * * LOW HITPOINT WARNING * * *
You feel yourself speed up.
You feel less confused.
The spriggan druid hits the shambling mangrove with a quarterstaff of speed.
The 12-headed hydra barely misses you.
The 12-headed hydra completely misses you.
The 12-headed hydra bites you!
* * * LOW HITPOINT WARNING * * *
The 12-headed hydra bites you!!
You die...

* *
♣§♣.▓)▓.▓.▓.▓†▓.▓_ ,
,
,♣.♣.▓)▓.▓.▓)▓.▓.▓_
* *
*,♣f♣.▓)▓.▓.▓.▓.▓.▓_
, *
,♣i♣.▓)▓.▓.▓.▓.▓.▓_
*, *
,♣D♣.▓)▓.▓)▓.▓.▓.▓_
*
,♣k♣.▓)▓)▓[▓.▓.▓.▓'
, ♣D♣.▓)▓.▓)▓.▓[▓.▓.
* *
▓D▓.▓.▓.▓)▓.▓)▓.▓. ,
,*
▓@▓.▓.▓.▓[▓.▓?▓.▓.
▓.▓.▓.▓.▓.▓.▓!▓.▓. *
, ▓.▓.▓.▓.▓.▓.▓.▓.▓.
* ,*,*
▓.▓.▓.▓.▓.▓.▓.▓.▓) *
* ▓.▓.▓'▓.▓.▓.▓.▓.▓.
*
*,▓.▓.▓.▓.▓.▓.▓.▓.▓.
▓.▓.▓.▓.▓.▓.▓'▓.▓.
,*,* *,
▓.▓.▓.▓.▓.▓.▓.▓.▓. *
, , , *,*
▓.▓.▓.▓.▓.▓.▓.▓.▓.


You could see a shambling mangrove, a 12-headed hydra, a four-headed hydra, a
swamp dragon, a spriggan druid (confused) and a swamp drake.

Vanquished Creatures
  Aizul (D)
  2 stone giants (D)
  Snorg (D)
  Josephine (D)
  Erolcha (D)
  A rakshasa (D)
  A great orb of eyes (D)
  A death knight (D)
  2 two-headed ogres (D)
  A death yak (D)
  An alligator (D)
  An orc high priest (D)
  3 lindwurms (D)
  4 orc knights (D)
  A cyclops (D)
  8 orc sorcerers (D)
  Maurice (D)
  2 black mambas (D)
  Psyche (D)
  2 spiny frogs (D)
  2 yaktaurs (D)
  2 komodo dragons (D)
  A kobold demonologist (D)
  A tyrant leech (D)
  A polar bear (shapeshifter) (D)
  A meliai (shapeshifter) (D)
  A bog body (D)
  A blink frog (D)
  A hippogriff (D)
  A slime creature (D)
  A yak (D)
  2 wyverns (D)
  4 wraiths (D)
  A soldier ant (D)
  3 water moccasins (D)
  2 porcupines (D)
  13 orc warriors (D)
  An ogre (D)
  2 centaurs (D)
  2 crocodiles (D)
  2 bullfrogs (D)
  A wight (D)
  A crimson imp (D)
  A jelly (D)
  2 orc priests (D)
  A hound (D)
  7 orc wizards (D)
  A worker ant (D)
  A shadow imp (D)
  4 worms (D)
  2 dart slugs (D)
  5 orcs (D)
  A bat skeleton (D)
  A jackal (D)
  A ball python (D)
  A bat (D)
  2 kobolds (D)
113 creatures vanquished.

Vanquished Creatures (others)
  A spriggan druid (D)
1 creature vanquished.

Grand Total: 114 creatures vanquished

Notes
Turn   | Place    | Note
-------+----------+-------------------------------------------
     0 | D        | wilfster70 the Deep Dwarf Fighter began the quest for the Orb.
     0 | D        | Reached XP level 1. HP: 20/20 MP: 1/1
     6 | D        | Reached skill level 3 in Axes
     6 | D        | Reached skill level 1 in Dodging
    19 | D        | Reached XP level 2. HP: 28/28 MP: 2/2
    29 | D        | Noticed an ogre
    36 | D        | Reached skill level 4 in Axes
    36 | D        | Reached XP level 3. HP: 25/34 MP: 3/3
    45 | D        | Killed an ogre
    45 | D        | Reached skill level 6 in Axes
    45 | D        | Reached skill level 5 in Armour
    45 | D        | Reached skill level 5 in Shields
    45 | D        | Reached XP level 4. HP: 33/45 MP: 4/4
    55 | D        | Found a roughly hewn altar of Beogh.
    55 | D        | Found a snail-covered altar of Cheibriados.
    55 | D        | Found a shadowy altar of Dithmenos.
    55 | D        | Found a white marble altar of Elyvilon.
    55 | D        | Found a blossoming altar of Fedhas.
    55 | D        | Found an opulent altar of Gozag.
    56 | D        | Found a hazy altar of Hepliaklqana.
    57 | D        | Found a viscous altar of Jiyva.
    58 | D        | Found an ancient bone altar of Kikubaaqudgha.
    59 | D        | Found a corrupted altar of Lugonu.
    60 | D        | Found a burning altar of Makhleb.
    61 | D        | Found a sparkling altar of Nemelex Xobeh.
    62 | D        | Found an iron altar of Okawaru.
    63 | D        | Found a stormy altar of Qazlal.
    64 | D        | Found a sacrificial altar of Ru.
    65 | D        | Found a deep blue altar of Sif Muna.
    66 | D        | Found a bloodstained altar of Trog.
    67 | D        | Found a hide-covered altar of Uskayaw.
    68 | D        | Became a worshipper of Makhleb the Destroyer
    69 | D        | Found a radiant altar of Vehumet.
    70 | D        | Found an ornate altar of the Wu Jian Council.
    71 | D        | Found a shimmering altar of Xom.
    72 | D        | Found a basalt altar of Yredelemnul.
    73 | D        | Found a glowing silver altar of Zin.
    74 | D        | Found a glowing golden altar of the Shining One.
   228 | D        | Noticed a wyvern
   232 | D        | Reached skill level 7 in Axes
   232 | D        | Reached XP level 5. HP: 38/51 MP: 5/5
   243 | D        | Reached * piety under Makhleb
   249 | D        | Killed a wyvern
   249 | D        | Reached skill level 5 in Fighting
   249 | D        | Reached skill level 8 in Axes
   249 | D        | Reached skill level 5 in Dodging
   249 | D        | Reached XP level 6. HP: 31/61 MP: 6/6
   257 | D        | Reached ** piety under Makhleb
   257 | D        | Reached skill level 9 in Axes
   269 | D        | Noticed a soldier ant
   269 | D        | Noticed a two-headed ogre
   283 | D        | Killed a two-headed ogre
   283 | D        | Reached skill level 11 in Axes
   283 | D        | Reached XP level 7. HP: 34/72 MP: 7/7
   283 | D        | Reached XP level 8. HP: 38/80 MP: 8/8
   290 | D        | Reached *** piety under Makhleb
   386 | D        | Gained mutation: You expend magic power (3 MP) to strengthen your wands. [potion of mutation]
   386 | D        | Gained mutation: You passively map the area around you. [potion of mutation]
   407 | D        | Noticed a black mamba
   407 | D        | Noticed a spiny frog
   415 | D        | Noticed a blink frog
   421 | D        | Reached skill level 12 in Axes
   423 | D        | Killed a spiny frog
   423 | D        | Reached **** piety under Makhleb
   438 | D        | Killed a black mamba
   438 | D        | Reached skill level 13 in Axes
   438 | D        | Reached skill level 10 in Shields
   438 | D        | Mutation became permanent: You passively map a small area around you. [Deep Dwarf growth]
   438 | D        | Gained mutation: You passively map the area around you. [Deep Dwarf growth]
   438 | D        | Reached XP level 9. HP: 17/88 MP: 9/9
   444 | D        | Reached ***** piety under Makhleb
   444 | D        | Reached skill level 10 in Armour
   449 | D        | HP: 2/88 [blink frog (8)]
   477 | D        | Noticed a komodo dragon
   477 | D        | Noticed a death yak
   477 | D        | Noticed a black mamba
   496 | D        | Killed a death yak
   496 | D        | Reached skill level 14 in Axes
   496 | D        | Reached skill level 10 in Dodging
   513 | D        | Killed a black mamba
   517 | D        | Killed a komodo dragon
   517 | D        | Reached XP level 10. HP: 17/99 MP: 9/9
   519 | D        | Reached ****** piety under Makhleb
   544 | D        | Noticed a spiny frog
   553 | D        | Killed a spiny frog
   555 | D        | Reached skill level 15 in Axes
   562 | D        | Noticed a lindwurm
   562 | D        | Noticed a lindwurm
   565 | D        | Noticed a lindwurm
   575 | D        | Killed a lindwurm
   575 | D        | HP: 5/100 [lindwurm/blast of flame (6)]
   588 | D        | Killed a lindwurm
   613 | D        | Killed a lindwurm
   613 | D        | Reached skill level 10 in Fighting
   663 | D        | Noticed Josephine
   685 | D        | Killed Josephine
   685 | D        | Reached skill level 16 in Axes
   734 | D        | Noticed Erolcha
   742 | D        | Killed Erolcha
   742 | D        | Reached XP level 11. HP: 60/110 MP: 10/10
   782 | D        | Noticed an orc knight
   795 | D        | Noticed an orc knight
   807 | D        | Killed an orc knight
   818 | D        | Killed an orc knight
   818 | D        | Reached skill level 17 in Axes
   857 | D        | Noticed an orc high priest
   857 | D        | Noticed an orc knight
   868 | D        | Killed an orc knight
   889 | D        | Noticed a sixfirhy
   889 | D        | Killed an orc high priest
   895 | D        | Noticed an orc knight
   930 | D        | Killed an orc knight
   947 | D        | Found Giptefos's General Store.
   947 | D        | Noticed an orc sorcerer
   947 | D        | Noticed an orc sorcerer
   947 | D        | Noticed an orc sorcerer
   947 | D        | Noticed an orc sorcerer
   950 | D        | Killed an orc sorcerer
   955 | D        | Killed an orc sorcerer
   966 | D        | Paralysed by an orc sorcerer for 2 turns
   979 | D        | Noticed a soul eater
   980 | D        | Killed an orc sorcerer
   981 | D        | Noticed an orc sorcerer
   983 | D        | Killed an orc sorcerer
   983 | D        | Reached skill level 18 in Axes
   984 | D        | Noticed a sun demon
   990 | D        | Found Deorech's Antique Armour Shop.
  1006 | D        | Killed an orc sorcerer
  1008 | D        | Found Wyraog's Antique Armour Boutique.
  1012 | D        | Noticed an orc sorcerer
  1018 | D        | Noticed an orc sorcerer
  1018 | D        | Found Egecad's Distillery.
  1021 | D        | Noticed an orc sorcerer
  1025 | D        | Killed an orc sorcerer
  1040 | D        | Noticed a sixfirhy
  1042 | D        | Killed an orc sorcerer
  1049 | D        | Killed an orc sorcerer
  1136 | D        | Bought 2 potions of might for 88 gold pieces
  1136 | D        | Bought a potion of might for 44 gold pieces
  1142 | D        | Bought a potion of resistance for 120 gold pieces
  1142 | D        | Bought a potion of heal wounds for 60 gold pieces
  1142 | D        | Bought 2 potions of haste for 240 gold pieces
  1142 | D        | Bought a potion of curing for 36 gold pieces
  1142 | D        | Bought a potion of ambrosia for 96 gold pieces
  1142 | D        | Bought a potion of ambrosia for 96 gold pieces
  1150 | D        | Bought a scroll of torment for 82 gold pieces
  1150 | D        | Bought a potion of mutation for 88 gold pieces
  1150 | D        | Bought a +2 ring of evasion for 110 gold pieces
  1221 | D        | Noticed Maurice
  1229 | D        | Killed Maurice
  1229 | D        | Reached XP level 12. HP: 89/122 MP: 10/10
  1380 | D        | Noticed a rakshasa
  1380 | D        | Noticed a two-headed ogre
  1385 | D        | Killed a two-headed ogre
  1390 | D        | Noticed a stone giant
  1410 | D        | Noticed a death knight
  1428 | D        | Noticed a great orb of eyes
  1433 | D        | Killed a rakshasa
  1438 | D        | Noticed a stone giant
  1441 | D        | Killed a stone giant
  1458 | D        | Killed a death knight
  1458 | D        | Reached skill level 15 in Shields
  1466 | D        | Killed a great orb of eyes
  1466 | D        | Reached skill level 15 in Armour
  1486 | D        | Killed a stone giant
  1486 | D        | Reached skill level 15 in Dodging
  1520 | D        | Noticed Snorg
  1535 | D        | Killed Snorg
  1554 | D        | Noticed Psyche
  1560 | D        | Killed Psyche
  1570 | D        | Noticed Aizul
  1606 | D        | Killed Aizul
  1675 | D        | Noticed a four-headed hydra
  1675 | D        | Noticed an eight-headed hydra
  1675 | D        | Noticed an alligator
  1687 | D        | Killed an alligator
  1707 | D        | Slain by a 12-headed hydra

Skill      XL: |  1  2  3  4  5  6  7  8  9 10 11 12 |
---------------+-------------------------------------+-----
Axes           | 3 4 6 7 8 11 13 14 16 18 | 18.0
Dodging        | 1 2 4 5 7 9 10 11 13 16 | 16.0
Fighting       | 3 4 5 7 8 9 10 12 14 | 14.1
Armour         | 4 5 6 8 9 10 12 14 16 | 16.4
Shields        | 4 5 6 8 10 11 12 14 15 | 15.0

Action                   |  1- 3 |  4- 6 |  7- 9 | 10-12 || total
-------------------------+-------+-------+-------+-------++-------
Melee: War axe           |    32 |       |       |       ||    32
       Broad axe         |       |    40 |   100 |   524 ||   664
Invok: Minor Destruction |       |       |       |     2 ||     2
 Abil: Heal Wounds       |       |       |     2 |     8 ||    10
  Use: Potion            |       |       |     1 |     6 ||     7
       Scroll            |       |       |       |     4 ||     4
 Stab: Confused          |       |       |       |     1 ||     1
  Eat: Chunk             |       |       |       |     4 ||     4
Armor: Scale mail        |     9 |       |       |       ||     9
       Chain mail        |       |    14 |    22 |    92 ||   128
Dodge: Dodged            |    10 |    24 |    24 |   173 ||   231
Block: Shield            |    15 |    25 |    56 |   199 ||   295
